SL
ROCKY MOUNTAIN NUGGETS @ FT. WORTH CATTLEMEN
08/17/2021
 
TOP OF THE 1ST
Rocky Mountain Nuggets batting - Pitching for Ft. Worth Cattlemen : RHP Francisco López
Pitching: RHP Francisco López
Batting: LHB Chris Whiteside 0-0: Called Strike
0-1: Swinging Strike
0-2: Ball
1-2: Ball
2-2: Foul Ball, location: 2F
2-2: Fly out, F8 (Flyball, 8LXD)
Batting: LHB Randy Bowen 0-0: Ball
1-0: DOUBLE (Line Drive, 9D)
Batting: RHB Michael Riley 0-0: Foul Ball, location: 2F
0-1: Ball
1-1: Called Strike
1-2: Strikes out swinging
Batting: RHB David Verhoeve 0-0: Ball
1-0: Ball
2-0: Ground out 4-3 (Groundball, 34)
Top of the 1st over - 0 run(s), 1 hit(s), 0 error(s), 1 left on base; Rocky Mountain 0 - Ft. Worth 0
BOTTOM OF THE 1ST
Ft. Worth Cattlemen batting - Pitching for Rocky Mountain Nuggets : RHP John Braun
Pitching: RHP John Braun
Batting: SHB Robby Day 0-0: Swinging Strike
0-1: Ground out 4-3 (Groundball, 4)
Batting: RHB Alan Elder 0-0: Swinging Strike
0-1: Ball
1-1: Ball
2-1: SINGLE (Line Drive, 6D)
Batting: RHB Bart Lewis 0-0: SINGLE (Flyball, 9LS)
Alan Elder to second
Runner from 2nd tries for 3rd, SAFE, throw made to third
Batting: LHB Ryan Westlake 0-0: Called Strike
0-1: Ball
1-1: Foul Ball, location: 2F
1-2: Grounds out, U3 (Groundball, 3L)
Alan Elder scores
Batting: RHB Joey Morgan 0-0: Foul Ball, location: 2F
0-1: Foul Ball, location: 2F
0-2: Ball
1-2: Ball
2-2: Strikes out looking
Bottom of the 1st over - 1 run(s), 2 hit(s), 0 error(s), 1 left on base; Rocky Mountain 0 - Ft. Worth 1
TOP OF THE 2ND
Rocky Mountain Nuggets batting - Pitching for Ft. Worth Cattlemen : RHP Francisco López
Batting: LHB Juan Ríos 0-0: Foul Ball, location: 2F
0-1: Swinging Strike
0-2: Foul Ball, location: 2F
0-2: Strikes out looking
Batting: SHB Jim Morris 0-0: Ball
1-0: Swinging Strike
1-1: Foul Ball, location: 2F
1-2: Ball
2-2: Foul Ball, location: 2F
2-2: Ball
3-2: Strikes out swinging
Batting: RHB Juan Ávila 0-0: Called Strike
0-1: Foul Ball, location: 2F
0-2: Ball
1-2: Ball
2-2: Strikes out swinging
Top of the 2nd over - 0 run(s), 0 hit(s), 0 error(s), 0 left on base; Rocky Mountain 0 - Ft. Worth 1
BOTTOM OF THE 2ND
Ft. Worth Cattlemen batting - Pitching for Rocky Mountain Nuggets : RHP John Braun
Batting: LHB Toyokazu Asano 0-0: Called Strike
0-1: Ground out 4-3 (Groundball, 4)
Batting: LHB Bill Burgess 0-0: Ball
1-0: Foul Ball, location: 2F
1-1: Ball
2-1: Swinging Strike
2-2: Strikes out swinging
Batting: RHB Jack Weber 0-0: Ball
1-0: Called Strike
1-1: Ball
2-1: Ground out 6-3 (Groundball, 56)
Bottom of the 2nd over - 0 run(s), 0 hit(s), 0 error(s), 0 left on base; Rocky Mountain 0 - Ft. Worth 1
TOP OF THE 3RD
Rocky Mountain Nuggets batting - Pitching for Ft. Worth Cattlemen : RHP Francisco López
Batting: LHB Egidio Agnolutto 0-0: Ball
1-0: Foul Ball, location: 2F
1-1: Foul Ball, location: 2F
1-2: Hit by Pitch
Batting: SHB Jorge Colomo 0-0: Ball
1-0: Ball
2-0: Called Strike
2-1: DOUBLE (Groundball, 3L)
Egidio Agnolutto to third
Batting: LHB Chris Whiteside 0-0: Hit by Pitch
Batting: LHB Randy Bowen 0-0: Called Strike
0-1: Foul Ball, location: 2F
0-2: Fielders Choice at 2nd, 6-4 (Groundball, 6M)
Egidio Agnolutto scores
Jorge Colomo to third
Batting: RHB Michael Riley 0-0: Ball
Wild Pitch!
Jorge Colomo scores
Randy Bowen to second
1-0: Ground out 4-3 (Groundball, 4)
Randy Bowen to third
Batting: RHB David Verhoeve 0-0: Ball
1-0: Ground out 5-3 (Groundball, 56)
Top of the 3rd over - 2 run(s), 1 hit(s), 0 error(s), 1 left on base; Rocky Mountain 2 - Ft. Worth 1
BOTTOM OF THE 3RD
Ft. Worth Cattlemen batting - Pitching for Rocky Mountain Nuggets : RHP John Braun
Batting: RHB Kevin Howard 0-0: Ground out 6-3 (Groundball, 6)
Batting: SHB Robby Day 0-0: Ball
1-0: Called Strike
1-1: Called Strike
1-2: Strikes out swinging
Batting: RHB Alan Elder 0-0: Swinging Strike
0-1: Foul Ball, location: 2F
0-2: Ball
1-2: Ball
2-2: SINGLE (Line Drive, 56D)
Batting: RHB Bart Lewis 0-0: Ball
1-0: Ball
2-0: 2-RUN HOME RUN (Flyball, 7D), Distance : 446 ft
Batting: LHB Ryan Westlake 0-0: Foul Ball, location: 2F
0-1: Ball
1-1: Ground out 4-3 (Groundball, 4)
Bottom of the 3rd over - 2 run(s), 2 hit(s), 0 error(s), 0 left on base; Rocky Mountain 2 - Ft. Worth 3
TOP OF THE 4TH
Rocky Mountain Nuggets batting - Pitching for Ft. Worth Cattlemen : RHP Francisco López
Batting: LHB Juan Ríos 0-0: Foul Ball, location: 2F
0-1: Ball
1-1: TRIPLE (Line Drive, 9LM)
Batting: SHB Jim Morris 0-0: Called Strike
0-1: Foul Ball, location: 2F
0-2: Foul Ball, location: 2F
0-2: Strikes out swinging
Batting: RHB Juan Ávila 0-0: Ball
1-0: Ball
2-0: Ball
3-0: Foul Ball, location: 2F
3-1: Called Strike
3-2: Base on Balls
Batting: LHB Egidio Agnolutto 0-0: Called Strike
0-1: Ball
1-1: Ball
2-1: Foul Ball, location: 2F
2-2: Foul Ball, location: 2F
2-2: Foul Ball, location: 2F
2-2: Ball
3-2: Fielders Choice at 2nd, 4-6 (Groundball, 4)
Juan Ríos scores
Batting: SHB Jorge Colomo 0-0: Foul Ball, location: 2F
0-1: Foul Ball, location: 2F
0-2: Ball
1-2: Strikes out swinging
Top of the 4th over - 1 run(s), 1 hit(s), 0 error(s), 1 left on base; Rocky Mountain 3 - Ft. Worth 3
BOTTOM OF THE 4TH
Ft. Worth Cattlemen batting - Pitching for Rocky Mountain Nuggets : RHP John Braun
Batting: RHB Joey Morgan 0-0: Foul Ball, location: 2F
0-1: Swinging Strike
0-2: Ball
1-2: Ball
2-2: Foul Ball, location: 2F
2-2: Strikes out looking
Batting: LHB Toyokazu Asano 0-0: DOUBLE (Line Drive, 78M)
Batting: LHB Bill Burgess 0-0: Called Strike
0-1: Ball
1-1: Called Strike
1-2: Strikes out swinging
Batting: RHB Jack Weber 0-0: Ball
1-0: Called Strike
1-1: Called Strike
1-2: Ground out 6-3 (Groundball, 6)
Bottom of the 4th over - 0 run(s), 1 hit(s), 0 error(s), 1 left on base; Rocky Mountain 3 - Ft. Worth 3
TOP OF THE 5TH
Rocky Mountain Nuggets batting - Pitching for Ft. Worth Cattlemen : RHP Francisco López
Batting: LHB Chris Whiteside 0-0: Ground out U3 (Groundball, 3)
Batting: LHB Randy Bowen 0-0: DOUBLE (Line Drive, 9LS)
Batting: RHB Michael Riley 0-0: Called Strike
0-1: Ball
1-1: Foul Ball, location: 2F
1-2: Ball
2-2: Fly out, F6 (Line Drive, 56)
Batting: RHB David Verhoeve 0-0: Ball
1-0: Called Strike
1-1: Ball
2-1: Called Strike
2-2: Foul Ball, location: 2F
2-2: Foul Ball, location: 2F
2-2: DOUBLE (Line Drive, 8LXD)
Randy Bowen scores
Batting: LHB Juan Ríos 0-0: Foul Ball, location: 2F
0-1: Ball
1-1: Hit by Pitch
Batting: SHB Jim Morris 0-0: Called Strike
0-1: Ball
1-1: Ball
2-1: Ball
3-1: Swinging Strike
3-2: SINGLE (Flyball, 8LS)
David Verhoeve to third
Juan Ríos to second
David Verhoeve scores
Juan Ríos to third
Pitching: RHP Jim Washington
Batting: RHB Juan Ávila 0-0: Ball
1-0: Ball
2-0: Called Strike
2-1: Foul Ball, location: 2F
2-2: Foul Ball, location: 2F
2-2: Ball
3-2: Foul Ball, location: 2F
3-2: Base on Balls
Jim Morris to second
Batting: LHB Egidio Agnolutto 0-0: Ball
1-0: Foul Ball, location: 2F
1-1: SINGLE (Flyball, 8RS)
Juan Ríos scores
Jim Morris to third
Juan Ávila to second
Runner from 3rd tries for Home, SAFE, throw made at trailing runner, OUT at third!
Top of the 5th over - 4 run(s), 4 hit(s), 0 error(s), 1 left on base; Rocky Mountain 7 - Ft. Worth 3
BOTTOM OF THE 5TH
Ft. Worth Cattlemen batting - Pitching for Rocky Mountain Nuggets : RHP John Braun
Batting: RHB Kevin Howard 0-0: Fly out, F3 (Popup, 3SF)
Batting: SHB Robby Day 0-0: Ball
1-0: Ball
2-0: Ball
3-0: Called Strike
3-1: Fly out, F8 (Flyball, 8RM)
Batting: RHB Alan Elder 0-0: Foul Ball, location: 2F
0-1: Fly out, F9 (Flyball, 9S)
Bottom of the 5th over - 0 run(s), 0 hit(s), 0 error(s), 0 left on base; Rocky Mountain 7 - Ft. Worth 3
TOP OF THE 6TH
Rocky Mountain Nuggets batting - Pitching for Ft. Worth Cattlemen : RHP Jim Washington
Batting: SHB Jorge Colomo 0-0: Ball
1-0: Called Strike
1-1: Ball
2-1: Ball
3-1: Fly out, F4 (Line Drive, 4MD)
Batting: LHB Chris Whiteside 0-0: Ball
1-0: Fly out, F6 (Popup, 7LSF)
Batting: LHB Randy Bowen 0-0: Fly out, F8 (Flyball, 8LXD)
Top of the 6th over - 0 run(s), 0 hit(s), 0 error(s), 0 left on base; Rocky Mountain 7 - Ft. Worth 3
BOTTOM OF THE 6TH
Ft. Worth Cattlemen batting - Pitching for Rocky Mountain Nuggets : RHP John Braun
Batting: RHB Bart Lewis 0-0: Called Strike
0-1: Ball
1-1: Fly out, F9 (Flyball, 9S)
Batting: LHB Ryan Westlake 0-0: Ground out U3 (Groundball, 3L)
Batting: RHB Joey Morgan 0-0: Ball
1-0: Ball
2-0: Called Strike
2-1: TRIPLE (Flyball, 89XD)
Batting: LHB Toyokazu Asano 0-0: Called Strike
0-1: Swinging Strike
0-2: Ball
1-2: Foul Ball, location: 2F
1-2: SINGLE (Line Drive, 4MD)
Joey Morgan scores
Batting: LHB Bill Burgess 0-0: Ball
1-0: Swinging Strike
1-1: Ball
2-1: Called Strike
2-2: Ball
3-2: Foul Ball, location: 2F
3-2: Ground out 1-3 (Groundball, 15)
Bottom of the 6th over - 1 run(s), 2 hit(s), 0 error(s), 1 left on base; Rocky Mountain 7 - Ft. Worth 4
TOP OF THE 7TH
Rocky Mountain Nuggets batting - Pitching for Ft. Worth Cattlemen : RHP Jim Washington
Batting: RHB Michael Riley 0-0: Ball
1-0: Swinging Strike
1-1: Foul Ball, location: 2F
1-2: Ground out 5-3 (Groundball, 5)
Batting: RHB David Verhoeve 0-0: SINGLE (Groundball, 3D)
Batting: LHB Juan Ríos 0-0: Called Strike
0-1: Called Strike
0-2: Ball
1-2: Ball
2-2: Grounds into double play, 4-6-3 (Groundball, 4)
Top of the 7th over - 0 run(s), 1 hit(s), 0 error(s), 0 left on base; Rocky Mountain 7 - Ft. Worth 4
BOTTOM OF THE 7TH
Ft. Worth Cattlemen batting - Pitching for Rocky Mountain Nuggets : RHP John Braun
Batting: RHB Jack Weber 0-0: Ball
1-0: Ball
2-0: Foul Ball, location: 2F
2-1: Foul Ball, location: 2F
2-2: Ball
3-2: Base on Balls
Batting: RHB Kevin Howard 0-0: Ball
1-0: Sac Bunt - play at first, batter OUT! 1-4
Jack Weber to second
Batting: SHB Robby Day 0-0: Ball
1-0: Swinging Strike
1-1: Ball
2-1: Called Strike
2-2: SINGLE (Groundball, 4MD)
Jack Weber to third
Runner from 3rd tries for Home, SAFE, no throw or cutoff
Batting: RHB Alan Elder 0-0: Ball
1-0: Ball
2-0: Called Strike
2-1: Foul Ball, location: 2F
2-2: Ball
3-2: 2-RUN HOME RUN (Flyball, 8LXD), Distance : 440 ft
Pitching: RHP Richard Allison
Batting: RHB Bart Lewis 0-0: Ball
1-0: Ground out 4-3 (Groundball, 4)
Batting: LHB Ryan Westlake 0-0: Ball
1-0: Foul Ball, location: 2F
1-1: SINGLE (Line Drive, 5D)
Batting: RHB Joey Morgan 0-0: DOUBLE (Line Drive, 7LD)
Ryan Westlake to third
Runner from 3rd tries for Home, SAFE, no throw or cutoff
Batting: LHB Toyokazu Asano 0-0: Ball
1-0: SINGLE (Line Drive, 9S)
Joey Morgan to third
Runner from 3rd tries for Home, SAFE, no throw or cutoff
Batting: LHB Bill Burgess 0-0: Foul Ball, location: 2F
0-1: Ball
1-1: Swinging Strike
1-2: Foul Ball, location: 2F
1-2: Ball
2-2: Strikes out swinging
Bottom of the 7th over - 5 run(s), 5 hit(s), 0 error(s), 1 left on base; Rocky Mountain 7 - Ft. Worth 9
TOP OF THE 8TH
Rocky Mountain Nuggets batting - Pitching for Ft. Worth Cattlemen : RHP Jim Washington
Batting: SHB Jim Morris 0-0: Called Strike
0-1: Foul Ball, location: 2F
0-2: Strikes out looking
Batting: RHB Juan Ávila 0-0: Fly out, F3 (Popup, 34)
Batting: LHB Egidio Agnolutto 0-0: Called Strike
0-1: Ball
1-1: Ball
2-1: Ball
3-1: Foul Ball, location: 2F
3-2: Foul Ball, location: 2F
3-2: Foul Ball, location: 2F
3-2: Strikes out swinging
Top of the 8th over - 0 run(s), 0 hit(s), 0 error(s), 0 left on base; Rocky Mountain 7 - Ft. Worth 9
BOTTOM OF THE 8TH
Ft. Worth Cattlemen batting - Pitching for Rocky Mountain Nuggets : RHP Richard Allison
Batting: RHB Jack Weber 0-0: Ball
1-0: Called Strike
1-1: Ground out 4-3 (Groundball, 4)
Batting: RHB Kevin Howard 0-0: Called Strike
0-1: Ground out 4-3 (Groundball, 34)
Batting: SHB Robby Day 0-0: Swinging Strike
0-1: Ground out 3-1 (Groundball, 34)
Bottom of the 8th over - 0 run(s), 0 hit(s), 0 error(s), 0 left on base; Rocky Mountain 7 - Ft. Worth 9
TOP OF THE 9TH
Rocky Mountain Nuggets batting - Pitching for Ft. Worth Cattlemen : RHP Jim Washington
Pitching: RHP Don Miller
Batting: SHB Jorge Colomo 0-0: Ball
1-0: Swinging Strike
1-1: SINGLE (Line Drive, 34)
Batting: LHB Chris Whiteside 0-0: SINGLE (Line Drive, 56)
Jorge Colomo to second
Pinch Runner at 2nd Mark O'Monaghan:
Batting: LHB Randy Bowen 0-0: Ground out U3 (Groundball, 3S)
Mark O'Monaghan to third
Chris Whiteside to second
Batting: RHB Michael Riley 0-0: Called Strike
0-1: 3-RUN HOME RUN (Flyball, 8RXD), Distance : 436 ft
Pitching: RHP Pete Wood
Batting: RHB David Verhoeve 0-0: Ball
1-0: Ball
2-0: Called Strike
2-1: Ball
3-1: Base on Balls
Batting: LHB Juan Ríos 0-0: Ball
1-0: Fly out, F8 (Flyball, 8LD)
Batting: SHB Jim Morris 0-0: Ball
1-0: Ball
2-0: Foul Ball, location: 2F
2-1: Foul Ball, location: 2F
2-2: Ball
3-2: Base on Balls
David Verhoeve to second
Batting: RHB Juan Ávila 0-0: Ball
1-0: Called Strike
1-1: SINGLE (Line Drive, 89S)
David Verhoeve to third
Jim Morris to second
Runner from 3rd tries for Home, SAFE, throw made at trailing runner, SAFE at third!
Batting: LHB Egidio Agnolutto 0-0: Called Strike
0-1: Ball
1-1: Ball
2-1: Foul Ball, location: 2F
2-2: Ground out 4-3 (Groundball, 4)
Top of the 9th over - 4 run(s), 4 hit(s), 0 error(s), 2 left on base; Rocky Mountain 11 - Ft. Worth 9
BOTTOM OF THE 9TH
Ft. Worth Cattlemen batting - Pitching for Rocky Mountain Nuggets : RHP Richard Allison
Pitching: RHP Juan Carlos Maestas
Now at C: Wayne Rose
Batting: RHB Alan Elder 0-0: Foul Ball, location: 2F
0-1: Ball
1-1: Ground out 5-3 (Groundball, 56S)
Batting: RHB Bart Lewis 0-0: Ball
1-0: SINGLE (Groundball, 6MD)
Batting: LHB Ryan Westlake 0-0: Called Strike
0-1: Fly out, F4 (Popup, 4MD)
Batting: RHB Joey Morgan 0-0: Called Strike
0-1: Ground out 1-3 (Groundball, 13S)
Bottom of the 9th over - 0 run(s), 1 hit(s), 0 error(s), 1 left on base; Rocky Mountain 11 - Ft. Worth 9
This league is powered by Out of the Park Baseball, the baseball management simulation game for PC, Mac and Linux
Friday, January 22nd, 2016 - OOTP Baseball 16.9 Build 39